 Dungeon Crawl Stone Soup version 0.20-a0-1124-g2e29d97 (webtiles) character file.

3262 Manul the Covert (level 9, -1/69 HPs)
             Began as a Demonspawn Gladiator on May 16, 2017.
             Was an Initiate of Gozag.
             Slain by a warg (12 damage)
             ... on level 7 of the Dungeon.
             The game lasted 00:08:01 (6578 turns).

Manul the Covert (Demonspawn Gladiator)             Turns: 6578, Time: 00:08:02

Health: -1/69      AC:  8    Str: 21    XL:     9   Next: 68%
Magic:  9/9        EV: 15    Int:  5    God:    Gozag
Gold:   428        SH:  0    Dex: 18    Spells: 8/8 levels left

rFire    . . .     SeeInvis .   t - +10 trident of Lesud {pierce, +Fly rF- Str+2 Stlth+}
rCold    . . .     Gourm    .   (no shield)
rNeg     . . .     Faith    .   A - +1 leather armour "Ulou" {rElec rC+ Str+4 Int-4} (curse)
rPois    .         Spirit   .   (helmet restricted)
rElec    +         Reflect  .   j - +0 cloak
rCorr    .         Harm     .   (no gloves)
MR       .....                  (no boots)
Stlth    +++++++...             (no amulet)
Regen    0.3/turn               B - ring of fire
MPRegen  0.2/turn               (no ring)

@: gold aura, very slightly contaminated, slowed, invisible, very slow
A: horns 1, yellow scales 2, nightstalker 2
a: Potion Petition, Call Merchant, Bribe Branch, Renounce Religion, Evoke Flight


You were on level 7 of the Dungeon.
You worshipped Gozag.
Gozag was aware of your devotion.
You were not hungry.

You visited 2 branches of the dungeon, and saw 9 of its levels.

You collected 513 gold pieces.
You paid 85 gold pieces to Gozag.

Inventory:

Hand Weapons
 a - a +0 long sword
 t - the +10 trident of Lesud (weapon) {pierce, +Fly rF- Str+2 Stlth+}
   (You found it on level 4 of the Dungeon)

   It inflicts extra damage upon your enemies.
   It affects your strength (+2).
   It makes you vulnerable to fire.
   It lets you fly.
   It makes you more stealthy.
Missiles
 d - 3 throwing nets (quivered)
Armour
 b - a +0 leather armour
 c - a +0 helmet
 j - a +0 cloak (worn)
 n - a +0 ring mail
 r - a +2 helmet
 A - the cursed +1 leather armour "Ulou" (worn) {rElec rC+ Str+4 Int-4}
   (You found it on level 5 of the Dungeon)

   It affects your strength (+4).
   It affects your intelligence (-4).
   It protects you from cold.
   It insulates you from electricity.
   It has a curse placed upon it.
Jewellery
 B - a ring of fire (left hand)
 H - a +3 amulet of reflection {unknown}
Wands
 D - a wand of flame (1/48)
Scrolls
 g - 6 scrolls of remove curse
 h - 2 scrolls of fear {unknown}
 i - a scroll of immolation
 k - 3 scrolls of teleportation
 p - a scroll of fog {unknown}
 s - 2 scrolls of noise {unknown}
 y - a scroll of recharging {unknown}
 z - a scroll of identify
 C - a scroll of amnesia {unknown}
 F - a scroll of magic mapping {unknown}
 G - a scroll of acquirement {unknown}
 I - a scroll of random uselessness {unknown}
Potions
 l - a potion of brilliance {unknown}
 m - 3 potions of curing
 o - a potion of cancellation {unknown}
 q - a potion of invisibility
 u - a potion of mutation {unknown}
 x - 2 potions of lignification {unknown}
 E - 2 potions of flight {unknown}
Comestibles
 f - 2 bread rations
 v - 2 royal jellies
 w - 5 fruits


   Skills:
 + Level 5.7 Fighting
 - Level 4.6 Long Blades
 - Level 5.6 Polearms
 + Level 1.8 Throwing
 + Level 3.6 Armour
 + Level 4.5 Dodging
 + Level 8.0 Stealth


You had 8 spell levels left.
You didn't know any spells.

Dungeon Overview and Level Annotations

Branches:
Dungeon (8/15)             Temple (1/1) D:6
   Lair: D:8-11

Altars:
Ashenzari
Cheibriados
Dithmenos
Fedhas
Gozag
Hepliaklqana
Kikubaaqudgha
Makhleb
Qazlal
Ru
Sif Muna
Uskayaw
Vehumet
Xom
Yredelemnul
Zin

Shops:
D:6 }

Annotations:
D:3 1 runed door


Innate Abilities, Weirdness & Mutations

You have a pair of small horns on your head.
You are mostly covered in yellow scales. (AC +3)
You are significantly more attuned to the shadows.


Message History

* * * LOW HITPOINT WARNING * * *
You puncture the warg!
The warg is heavily wounded.
You are no longer berserk.
You are exhausted.
You feel yourself slow down. The warg closely misses you.
Unknown command.
You fade into invisibility!
The warg bites you!
* * * LOW HITPOINT WARNING * * *
The warg is distracted by the nearby gold.
You are very lightly contaminated with residual magic.
Unknown command.
You catch the helpless warg completely off-guard!
You hit the warg.
The warg is no longer distracted by gold.
The warg is heavily wounded.
The warg barely misses you. The warg bites you!
You die...
Your body crumbles into a pile of gold.

#.≈≈≈....# ##≈≈....#
############.o.#≈≈....#
...........#o.o#≈≈....#
≈≈≈≈≈≈≈≈≈≈≈#####≈≈....#
≈≈≈≈≈≈≈≈≈≈≈≈≈≈≈≈≈≈....#
≈≈≈≈≈$≈≈≈≈≈≈≈≈≈≈≈≈....#
......hP$.............#
......$@.......P......#
#######################


You could see a warg.

Vanquished Creatures
  2 steam dragons (D:6)
  12 wargs (D:7)
  An orc warrior (D:6)
  2 ice beasts (D:5)
  2 ogres
  A centaur (D:6)
  A bullfrog (D:6)
  A wyvern zombie (D:7)
  4 howler monkeys
  3 crimson imps
  A bullfrog zombie (D:5)
  A jelly (D:5)
  2 bullfrog skeletons
  4 hounds
  5 orc wizards
  4 worker ants
  A worker ant zombie (D:6)
  12 adders
  A shadow imp (D:5)
  6 worms
  3 dart slugs
  3 leopard geckos
  19 orcs
  A ball python (D:1)
  3 giant cockroaches
  2 goblins
  5 hobgoblins
  8 jackals
  6 kobolds
  3 quokkas
  5 bats
  6 frilled lizards
  A quokka zombie (D:6)
  6 rats
137 creatures vanquished.

Vanquished Creatures (others)
  A phantom (D:6)
  A jackal (D:6)
2 creatures vanquished.

Grand Total: 139 creatures vanquished

Notes
Turn   | Place    | Note
-------+----------+-------------------------------------------
     0 | D:1      | Manul the Demonspawn Gladiator began the quest for the Orb.
     0 | D:1      | Reached XP level 1. HP: 16/16 MP: 1/1
   301 | D:1      | Gained mutation: You are slightly more attuned to the shadows. [demonic ancestry]
   301 | D:1      | Reached XP level 2. HP: 5/22 MP: 2/2
  1015 | D:2      | Gained mutation: You are significantly more attuned to the shadows. [demonic ancestry]
  1015 | D:2      | Reached XP level 3. HP: 26/27 MP: 3/3
  1605 | D:2      | Reached skill level 1 in Armour
  1605 | D:2      | Gained mutation: You are partially covered in yellow scales. (AC +2) [demonic ancestry]
  1605 | D:2      | Reached XP level 4. HP: 22/34 MP: 4/4
  1758 | D:2      | Found a shattered altar of Ashenzari.
  2300 | D:3      | Reached skill level 1 in Stealth
  2580 | D:3      | Found a glowing silver altar of Zin.
  2649 | D:3      | Found a runed door.
  2649 | D:3      | Noticed an angel
  2713 | D:3      | Noticed a hand axe
  2714 | D:3      | Noticed a hand axe
  2741 | D:3      | Found a hide-covered altar of Uskayaw.
  3044 | D:4      | Reached XP level 5. HP: 39/39 MP: 5/5
  3057 | D:4      | Got an iridescent trident
  3058 | D:4      | Identified the +10 trident of Lesud {pierce, +Fly rF- Str+2 Stlth+} (You found it on level 4 of the Dungeon)
  3107 | D:4      | Noticed an ogre
  3113 | D:4      | Killed an ogre
  3113 | D:4      | Reached skill level 2 in Stealth
  3136 | D:4      | Reached XP level 6. HP: 44/46 MP: 6/6
  3784 | D:4      | Reached skill level 1 in Polearms
  4058 | D:5      | Entered Level 5 of the Dungeon
  4072 | D:5      | Reached skill level 3 in Stealth
  4109 | D:5      | Gained mutation: You are mostly covered in yellow scales. (AC +3) [demonic ancestry]
  4109 | D:5      | Reached XP level 7. HP: 51/51 MP: 7/7
  4345 | D:5      | Reached skill level 4 in Stealth
  4367 | D:5      | Got a faintly humming leather armour
  4378 | D:5      | Identified the cursed +1 leather armour "Ulou" {rElec rC+ Str+4 Int-4} (You found it on level 5 of the Dungeon)
  4390 | D:5      | Found a snail-covered altar of Cheibriados.
  4479 | D:5      | Reached XP level 8. HP: 53/58 MP: 8/8
  5090 | D:6      | Reached skill level 5 in Polearms
  5090 | D:6      | Reached skill level 5 in Stealth
  5115 | D:6      | Found a radiant altar of Vehumet.
  5116 | D:6      | Found a burning altar of Makhleb.
  5207 | D:6      | Found a staircase to the Ecumenical Temple.
  5214 | Temple   | Entered the Ecumenical Temple
  5330 | Temple   | Became a worshipper of Gozag Ym Sagoz the Greedy
  5461 | D:6      | Found Keogiqud's Gadget Emporium.
  6018 | D:7      | Reached skill level 6 in Stealth
  6045 | D:7      | Gained mutation: You have a pair of small horns on your head. [demonic ancestry]
  6045 | D:7      | Reached XP level 9. HP: 19/65 MP: 9/9
  6551 | D:7      | Reached skill level 7 in Stealth
  6561 | D:7      | Reached skill level 5 in Fighting
  6575 | D:7      | Reached skill level 8 in Stealth
  6578 | D:7      | Slain by a warg

Vault maps used:
D:1:      dpeg_arrival_oval
D:2:      nicolae_overflow_hidden_temple
D:3:      dancing_weapons_uskayaw, first_bread, st_stairs_14, lemuel_angel_altar
D:5:      kennysheep_little_box
D:6:      cheibrodos_steamvent, grunt_temple_overflow_lords_of_destruction,
          lemuel_temple_firewalk_a, serial_shops, nicolae_shop_waterfront,
          corner_web_ring
D:7:      lemuel_castle_with_subvaults, serial_shops, shop_statue
D:8:      hangedman_ranch, kennysheep_generic_room_10
Temple:   eino_temple_lava

Skill      XL: |  1  2  3  4  5  6  7  8  9 |
---------------+----------------------------+-----
Dodging        | 3 4 |  4.5
Long Blades    | 3 4 |  4.6
Armour         | 1 2 3 |  3.6
Stealth        | 1 2 3 4 6 8 |  8.0
Polearms       | 2 4 5 |  5.6
Fighting       | 3 4 5 |  5.7
Throwing       | |  1.8

Action                   |  1- 3 |  4- 6 |  7- 9 || total
-------------------------+-------+-------+-------++-------
Melee: Long sword        |   109 |    69 |       ||   178
       Trident           |       |    51 |   159 ||   210
       Headbutt          |       |       |     9 ||     9
  Use: Scroll            |       |     7 |       ||     7
       Potion            |       |     3 |     3 ||     6
 Stab: Sleeping          |     4 |    18 |    15 ||    37
       Distracted        |       |     1 |     6 ||     7
  Eat: Chunk             |     1 |     9 |     4 ||    14
       Bread ration      |       |       |     1 ||     1
Armor: Leather armour    |    14 |       |    19 ||    33
       Ring mail         |    29 |    43 |     6 ||    78
Dodge: Dodged            |    90 |    88 |    80 ||   258
       Rpst.: Long sword |    29 |    18 |       ||    47
